 Dungeon Crawl Stone Soup version 0.31-a0-731-ga75f04deac (webtiles) character file.

Game seed: 2525618816581976310

14332 Ijustatesigmund the Thaumaturge (level 11, -5/64 HPs)
             Began as a Deep Elf Fire Elementalist on Sept 12, 2023.
             Was a Believer of Cheibriados.
             Slain by eneti's ghost (7 damage)
             ... on level 10 of the Dungeon.
             The game lasted 00:43:41 (21990 turns).

Ijustatesigmund the Thaumaturge (DEFE)             Turns: 21990, Time: 00:43:42

Health: -5/64      AC: 13    Str:  9    XL:     11   Next: 87%
Magic:  9/27       EV: 19    Int: 29    God:    Cheibriados [**....]
Gold:   2795       SH:  0    Dex: 19    Spells: 14/30 levels left

rFire   . . .        r - +4 hand cannon (elec)
rCold   . . .        (no shield)
rNeg    . . .        a - +2 robe {Will+}
rPois   .            s - +1 helmet
rElec   .            u - +2 cloak
rCorr   .            w - +1 pair of gloves
SInv    .            f - +1 pair of boots
Will    ++...        (no amulet)
Stlth   +++          j - +5 ring of evasion
HPRegen 0.30/turn    y - ring of flight
MPRegen 0.20/turn

%: no passive effects
@: brilliant, lethally poisoned (-5 -> -8), flying, very slow
A: no striking features
a: Renounce Religion, Bend Time


You were on level 10 of the Dungeon.
You worshipped Cheibriados.
Cheibriados was pleased with you.
You visited 3 branches of the dungeon, and saw 13 of its levels.
You also visited: Bailey.

You collected 3224 gold pieces.
You spent 429 gold pieces at shops.

Inventory:

Hand Weapons
 c - a +3 rapier of venom
 q - a +7 club
 r - a +4 hand cannon of electrocution (weapon)
Missiles
 i - 7 throwing nets
Armour
 a - a +2 robe of willpower (worn)
 f - a +1 pair of boots (worn)
 s - a +1 helmet (worn)
 u - a +2 cloak (worn)
 w - a +1 pair of gloves (worn)
Magical Staves
 n - a staff of conjuration
Jewellery
 e - a ring of resist corrosion
 j - a +5 ring of evasion (left hand)
 m - a ring of ice
 o - a +6 ring of intelligence
 y - a ring of flight (right hand)
 C - the ring "Liullos" {*Slow rF+ rN+++ Str+4}
   (You took it off a gnoll sergeant in a bailey)

   [ring of protection from fire]

   Str+4:     It affects your strength (+4).
   rF+:       It protects you from fire.
   rN+++:     It renders you almost immune to negative energy.
   *Slow:     It may slow you when you take damage.
 F - a ring of fire
Wands
 d - a wand of flame (18)
Scrolls
 b - 2 scrolls of amnesia
 h - 2 scrolls of immolation
 k - a scroll of enchant armour
 x - a scroll of teleportation
 D - 2 scrolls of enchant weapon
Potions
 g - 2 potions of curing
 l - a potion of might
 p - a potion of mutation
 t - 2 potions of lignification
 v - a potion of attraction
 z - 2 potions of brilliance
 A - 2 potions of heal wounds {unknown}
 B - a potion of magic
Miscellaneous
 E - a phantom mirror


   Skills:
 - Level 5.5 Fighting
 - Level 3.2 Short Blades
 + Level 8.5 Ranged Weapons
 - Level 4.7 Dodging
 - Level 3.1 Stealth
 - Level 10.1 Spellcasting
 - Level 8.2 Conjurations
 - Level 6.1 Translocations
 - Level 8.8 Fire Magic
 + Level 7.1 Invocations
 - Level 5.0 Evocations


You had 14 spell levels left.
You knew the following spells:

 Your Spells              Type           Power      Damage    Failure   Level
a - Foxfire               Conj/Fire      100%       2x1d9     1%          1
b - Scorch                Fire           100%       2d9       1%          2
c - Flame Wave            Conj/Fire      77%        2d17      1%          4
d - Iskenderun's Mystic   Conj/Tloc      71%        2d14      1%          4
e - Iskenderun's Battles  Conj           76%        2d12      3%          5

Your spell library contained the following spells:

 Spells                   Type           Power      Damage    Failure   Level
 Gell's Gravitas          Tloc           66%        N/A       1%          3
 Inner Flame              Hex/Fire       57%        N/A       1%          3
 Teleport Other           Tloc           66%        N/A       1%          3
 Volatile Blastmotes      Fire/Tloc      100%       2d18      1%          3
 Cigotuvi's Dreadful Rot  Necr/Pois/Air  42%        N/A       5%          2
 Sublimation of Blood     Necr           21%        N/A       5%          2
 Wereblood                Tmut           21%        N/A       5%          2
 Fulminant Prism          Conj/Hex       27%        3d13      7%          4
 Dispel Undead            Necr           21%        3d11      36%         4
 Dispersal                Tloc           33%        N/A       43%         6
 Leda's Unmaking          Conj/Erth      27%        9d5       71%         6
 Death Channel            Necr           10%        N/A       99%         6
 Summon Cactus Giant      Summ           10%        N/A       99%         6
 Spellforged Servitor     Conj/Summ      27%        N/A       99%         7
 Summon Hydra             Summ           10%        N/A       100%        7


Dungeon Overview and Level Annotations

Branches:
Dungeon (11/15)            Temple (1/1) D:6            Lair (1/5) D:8
 Bailey (visited)
    Orc: D:9-12

Altars:
Ashenzari
Cheibriados
Dithmenos
Elyvilon
Fedhas
Gozag
Hepliaklqana
Kikubaaqudgha
Makhleb
Nemelex Xobeh
Okawaru
Qazlal
Ru
Sif Muna
Trog
Uskayaw
Vehumet
Wu Jian
Xom
Yredelemnul
Zin
The Shining One

Shops:
D:6 [   D:9 (   D:10 (

Annotations:
D:7 2 runed translucent doors, exclusion: orange crystal statue
D:10 eneti's ghost, journeyman MiFi
D:11 Urug


Message History

You kill the kobold brigand!
Cheibriados thoroughly appreciates the change of pace.
The flame wave engulfs the kobold brigand!!
You kill the kobold brigand!
Cheibriados thoroughly appreciates the change of pace.
The flame wave engulfs eneti's ghost!
Eneti's ghost is lightly damaged.
You feel sick. Eneti's ghost hits your battlesphere!!
Your battlesphere is destroyed!
Your Invocations skill increases to level 7!
A wave of flame ripples out!
The flame wave engulfs the kobold brigand!!
You kill the kobold brigand!
Cheibriados appreciates the change of pace.
The flame wave engulfs the kobold brigand!
You kill the kobold brigand!
Cheibriados thoroughly appreciates the change of pace.
The flame wave engulfs eneti's ghost!!
Eneti's ghost is heavily damaged.
You finish channelling waves of flame.
You feel sick.
Casting: Flame Wave (dangerous; 1% risk of failure)
Confirm with . or Enter, or press ? or * to list all spells.
Flames lash eneti's ghost but do no damage.
You feel sick.
Eneti's ghost hits you but does no damage.
You feel sick. Eneti's ghost hits you!
Casting: Scorch (safe; 1% risk of failure)
Confirm with . or Enter, or press ? or * to list all spells.
Flames lash eneti's ghost.
Eneti's ghost is heavily damaged.
Eneti's ghost's fire resistance burns away.
You feel sick. Eneti's ghost hits you!
You feel sick. Eneti's ghost hits you!
* * * LOW HITPOINT WARNING * * *
Unknown command.
It was a potion of brilliance.
You feel clever all of a sudden.
* * * LOW HITPOINT WARNING * * *
You feel sick. Eneti's ghost hits you!
You die...

### #.....#.## #..
#.#..###.# ### #.....#.##
####.#.## #.### #.# ####
##### #.#######..### #
#....
######.##......##.♣.##
#.###
###...##.##.####@#)....#
#.... ......##.##.#
##W))###.$# #....
###...#...#.###.)'.....!#
#....
##.#......##...).###.?#
#.#.#
#...........#.#.....#
#.#[#
#####.##.####.##.♣.##
#.... #.##.####..#####
###.# #.##........#.# #.#
##'###########.# #.#


You could see eneti's ghost (combustible).

Vanquished Creatures
  A two-headed ogre (D:9)
  4 lindwurms (D:9)
  A wolf spider (Lair:1)
  A gargoyle (D:10)
  3 komodo dragons
  A cane toad (Lair:1)
  A kobold demonologist (D:10)
  Psyche (D:8)
  3 wraiths
  A shadow (D:10)
  2 steam dragons (D:7)
  Grum (Bailey)
  7 yaks
  Menkaure (D:4)
  4 water moccasins
  Duvessa (D:6)
  4 orc warriors
  A sky beast (D:7)
  An ice beast (D:6)
  14 wolves
  3 black bears
  3 ogres
  2 centaurs
  11 kobold brigands
  8 bullfrogs
  8 gnoll sergeants (Bailey)
  3 scorpions
  Dowan (D:6)
  14 wights
  12 killer bees
  2 howler monkeys
  5 hounds
  4 jellies
  2 orc priests
  9 gnoll boudas
  Crazy Yiuf (D:6)
  Jessica (D:3)
  3 iguanas
  2 sleepcaps
  Ijyb (D:3)
  8 orc wizards
  25 gnolls
  3 adders
  A white imp (D:6)
  An ufetubus (D:6)
  6 dart slugs
  26 orcs
  6 ball pythons
  6 bats
  21 endoplasms
  4 giant cockroaches
  12 goblins
  11 hobgoblins
  3 jackals (D:3)
  2 quokkas
  2 frilled lizards
  20 kobolds
  4 rats
309 creatures vanquished.

Vanquished Creatures (others)
  An orc wizard (D:9)
  2 orcs (D:7)
  336 foxfires
339 creatures vanquished.

Grand Total: 648 creatures vanquished

Notes
Turn   | Place    | Note
-------+----------+-------------------------------------------
     0 | D:1      | Ijustatesigmund the Deep Elf Fire Elementalist began the
                  | quest for the Orb.
     0 | D:1      | Reached XP level 1. HP: 10/10 MP: 6/6
   161 | D:1      | Reached XP level 2. HP: 15/15 MP: 5/8
   212 | D:1      | Learned a level 2 spell: Scorch
   632 | D:1      | Reached XP level 3. HP: 14/19 MP: 7/9
  1724 | D:2      | Identified a scroll of acquirement
  1724 | D:2      | Acquired 1374 gold pieces
  1977 | D:3      | Noticed Ijyb
  2835 | D:4      | Noticed Menkaure
  2838 | D:4      | Reached XP level 4. HP: 24/24 MP: 9/11
  2845 | D:4      | Killed Menkaure
  2846 | D:4      | Reached skill level 1 in Fighting
  2846 | D:4      | Reached skill level 4 in Spellcasting
  2846 | D:4      | Reached XP level 5. HP: 17/29 MP: 5/13
  2869 | D:4      | Learned a level 4 spell: Flame Wave
  3448 | D:4      | Noticed an ogre
  3453 | D:4      | Killed an ogre
  3454 | D:4      | Reached XP level 6. HP: 35/35 MP: 8/15
  3797 | D:5      | Entered Level 5 of the Dungeon
  3822 | D:5      | Reached skill level 5 in Spellcasting
  3923 | D:5      | Acquired 711 gold pieces
  3960 | D:5      | Reached skill level 5 in Fire Magic
  3977 | D:5      | Reached XP level 7. HP: 40/40 MP: 8/17
  4865 | D:3      | Reached skill level 6 in Spellcasting
  5362 | D:3      | Noticed Jessica
  5368 | D:3      | Killed Jessica
  5621 | D:3      | Killed Ijyb
  5622 | D:3      | Reached skill level 1 in Short Blades
  5896 | D:3      | Found a stormy altar of Qazlal.
  6006 | D:6      | Found a hide-covered altar of Uskayaw.
  6102 | D:6      | Reached skill level 5 in Conjurations
  6102 | D:6      | Reached XP level 8. HP: 25/45 MP: 11/20
  6104 | D:6      | Noticed Duvessa
  6105 | D:6      | Noticed Dowan
  6720 | D:6      | Reached skill level 7 in Spellcasting
  6973 | D:6      | Killed Dowan
  7201 | D:6      | Killed Duvessa
  7202 | D:6      | HP: 1/45 [poisoned by Duvessa]
  7436 | D:6      | Found a staircase to the Ecumenical Temple.
  7479 | D:6      | Found Veuj Gor's Armour Shoppe.
  7625 | D:6      | Found a runed translucent door.
  7626 | D:6      | Noticed Crazy Yiuf
  7632 | D:6      | Killed Crazy Yiuf
  8175 | D:7      | Reached skill level 8 in Spellcasting
  8175 | D:7      | Reached XP level 9. HP: 31/51 MP: 14/23
  9542 | D:7      | Found a runed translucent door.
  9548 | D:7      | Learned a level 4 spell: Iskenderun's Mystic Blast
  9551 | D:7      | Found the +10 tower shield of Ignorance {rN+ Int-4}
  9567 | D:7      | Found a runed translucent door.
  9576 | D:7      | Noticed an orange crystal statue
  9603 | D:7      | Found an iron altar of Okawaru.
  9838 | D:8      | Reached skill level 1 in Translocations
  9838 | D:8      | Reached skill level 1 in Evocations
 10211 | D:8      | Noticed Psyche
 10220 | D:8      | Killed Psyche
 10521 | D:8      | Reached skill level 5 in Fighting
 10720 | D:8      | Found a staircase to the Lair.
 10723 | D:8      | Reached XP level 10. HP: 52/59 MP: 18/24
 11983 | D:9      | Noticed a lindwurm
 12022 | D:9      | Noticed a lindwurm
 12034 | D:9      | Noticed a lindwurm
 12035 | D:9      | Killed a lindwurm
 12556 | D:9      | Reached skill level 9 in Spellcasting
 12938 | D:9      | Found a sparkling altar of Nemelex Xobeh.
 13043 | D:10     | Entered Level 10 of the Dungeon
 13101 | D:10     | Found a bloodstained altar of Trog.
 13102 | D:10     | Found a broken altar of Ashenzari.
 13102 | D:10     | Found a sacrificial altar of Ru.
 13102 | D:10     | Found a hazy altar of Hepliaklqana.
 13143 | D:10     | Found a flagged portal.
 13160 | Bailey   | Entered a bailey
 13178 | Bailey   | Reached skill level 5 in Evocations
 13367 | Bailey   | Learned a level 5 spell: Iskenderun's Battlesphere
 13600 | Bailey   | Reached skill level 5 in Translocations
 13897 | Bailey   | Noticed Grum
 13910 | Bailey   | Killed Grum
 14508 | Bailey   | Identified the ring "Liullos" {*Slow rF+ rN+++ Str+4}
 16155 | D:9      | Found Cyp Tiav's Weapon Emporium.
 16353 | D:9      | Noticed a two-headed ogre
 16366 | D:9      | Killed a two-headed ogre
 16367 | D:9      | Reached skill level 10 in Spellcasting
 16367 | D:9      | Reached XP level 11. HP: 11/64 MP: 0/27
 16601 | Temple   | Entered the Ecumenical Temple
 16608 | Temple   | Became a worshipper of Cheibriados the Contemplative
 16688 | D:9      | Noticed a lindwurm
 17236 | D:10     | Found a runed translucent gate.
 17236 | D:10     | Found a runed translucent gate.
 17237 | D:10     | Found a runed translucent gate.
 17238 | D:10     | Noticed eneti's ghost (journeyman MiFi)
 17277 | D:10     | Found an opulent altar of Gozag.
 17345 | D:10     | Reached skill level 1 in Ranged Weapons
 17345 | D:10     | Reached skill level 1 in Invocations
 18212 | D:10     | Found Qefaf's Weapon Shop.
 18220 | D:10     | Bought a +4 hand cannon of electrocution for 429 gold
                  | pieces
 18594 | D:11     | Noticed a centaur warrior
 18943 | D:11     | HP: 1/64 [centaur warrior/arrow (16)]
 19215 | D:11     | Noticed Urug
 19984 | Lair:1   | Entered Level 1 of the Lair of Beasts
 20058 | Lair:1   | Reached * piety under Cheibriados
 20059 | Lair:1   | Reached skill level 5 in Ranged Weapons
 20323 | Lair:1   | Noticed a wolf spider
 20330 | Lair:1   | Reached skill level 5 in Invocations
 20331 | Lair:1   | Killed a wolf spider
 21373 | D:9      | Killed a lindwurm
 21610 | D:9      | Killed a lindwurm
 21614 | D:9      | Killed a lindwurm
 21983 | D:10     | Reached ** piety under Cheibriados
 21989 | D:10     | HP: 3/64 [eneti's ghost (15)]
 21990 | D:10     | Slain by eneti's ghost

Illustrated notes

Levels and vault maps discovered:
D:1:      roderic_crossed_star, layout_rooms
D:2:      layout_loops_ring, amcnicky_mini_corridor_feature,
          chequers_serial_rivers_micro_d
D:3:      cheibrodos_fertilizer, layout_basic, mainiacjoe_overflow_alcove_2,
          uniq_ijyb, uniq_jessica
D:4:      layout_loops_ring, uniq_menkaure
D:5:      layout_basic, nicolae_hexahallways
D:6:      layout_rooms, eat_drink_and_be_merry_uskayaw,
          minmay_temple_entry_arrows, serial_shops,
          nicolae_shop_real_fake_doors, uniq_crazy_yiuf_cottage, uniq_duvessa
D:7:      layout_loops_ring, lemuel_round_altar,
          chequers_guarded_unrand_ignorance
D:8:      layout_basic, grunt_lair_entry_orc_guard_hut, uniq_psyche
D:9:      layout_loops_corners, mainiacjoe_overflow_brackets, serial_shops,
          nicolae_shop_crystal, minmay_lindwurm_lava
D:10:     layout_loops_corners, mainiacjoe_overflow_paths,
          chequers_temple_overflow_statue_of_worship, enter_bailey_5,
          gammafunk_ghost_nasty_kobolds, serial_shops, shop
D:11:     layout_small_grid, fedhas_altar_4, uniq_urug, uniq_erica
Temple:   nicolae_temple_ecumenical_triangle
Lair:1:   layout_long_grid, minmay_hedge_maze, nicolae_lair_run_with_the_wolves,
          infiniplex_staircase_pool_2

Skill      XL: |  1  2  3  4  5  6  7  8  9 10 11 |
---------------+----------------------------------+-----
Stealth        | 3 |  3.1
Dodging        | 3 4 |  4.7
Conjurations   | 2 3 4 5 6 8 |  8.2
Fighting       | 1 2 3 5 |  5.5
Spellcasting   | 4 5 6 8 10 | 10.1
Fire Magic     | 4 5 6 7 8 |  8.8
Short Blades   | 1 2 3 |  3.2
Translocations | 3 6 |  6.1
Evocations     | 3 5 |  5.0
Ranged Weapons | 8 |  8.5
Invocations    | 7 |  7.1

Action                     |  1- 3 |  4- 6 |  7- 9 | 10-12 || total
---------------------------+-------+-------+-------+-------++-------
  Melee: Flail             |     1 |       |       |       ||     1
         Rapier            |       |       |    14 |     8 ||    22
         Club              |       |       |     1 |       ||     1
   Fire: Hand cannon       |       |       |       |    35 ||    35
         Arbalest          |       |       |       |     4 ||     4
   Cast: Foxfire           |    82 |    21 |    59 |    48 ||   210
         Scorch            |    15 |    21 |   123 |   194 ||   353
         Flame Wave        |       |       |     8 |     9 ||    17
         Iskenderun's Myst |       |       |       |    16 ||    16
         Iskenderun's Batt |       |       |       |     5 ||     5
  Evoke: Wand              |       |       |    12 |    20 ||    32
    Use: Potion            |     1 |     1 |     5 |     2 ||     9
         Scroll            |     2 |     6 |    12 |     6 ||    26
   Stab: Paralysed         |       |       |     1 |       ||     1
         Sleeping          |       |       |     1 |       ||     1
         Invisible         |       |       |       |     1 ||     1
 Armour: Robe              |    14 |     4 |   120 |   122 ||   260
  Dodge: Dodged            |    18 |    14 |    98 |   211 ||   341

Table legend: (Time is in decaauts)
 A = Elapsed time spent in this place.
 B = Non-inter-level travel time spent in this place.
 C = Inter-level travel time spent in this place.
 D = Time resting spent in this place.
 E = Time spent auto-exploring this place.
 F = Levels seen in this place.
 G = Mean time per level.
                   A        B        C        D        E       F      G
               +--------+--------+--------+--------+--------+-----+--------+
         Total |  22748 |  21860 |    888 |  11873 |   7408 |  14 | 1624.9 |
       Dungeon |  19438 |  18581 |    857 |   9608 |   6877 |  11 | 1767.1 |
        Temple |     17 |      8 |      9 |      0 |      0 |   1 |   17.0 |
          Lair |    966 |    945 |     21 |    469 |    380 |   1 |  966.0 |
        Bailey |   2325 |   2325 |      0 |   1796 |    150 |   1 | 2325.0 |
               +--------+--------+--------+--------+--------+-----+--------+

Top non-repeatable levels by time:
    D:10: 3826 daAuts
     D:9: 3210 daAuts
     D:8: 2393 daAuts
  Bailey: 2325 daAuts
     D:7: 1878 daAuts
     D:5: 1802 daAuts
     D:2: 1485 daAuts
     D:3: 1370 daAuts
     D:6: 1334 daAuts
     D:4: 1231 daAuts
  Lair:1: 966 daAuts
     D:1: 871 daAuts
    D:11: 34 daAuts
  Temple: 17 daAuts
